 Dungeon Crawl Stone Soup version 0.30.1-11-g7821555f0a (webtiles) character file.

Game seed: 2456808501932269566

322841 otna the Eclecticist (level 20, -22/130 HPs)
             Began as a Deep Elf Necromancer on Nov 20, 2023.
             Was a High Priest of Kikubaaqudgha.
             Killed from afar by a deep elf sorcerer (54 damage)
             ... with a bolt of acid
             ... on level 3 of the Elven Halls on Nov 24, 2023.
             The game lasted 18:31:10 (61898 turns).

otna the Eclecticist (Deep Elf Necromancer)        Turns: 61898, Time: 18:31:10

Health: -22/130    AC:  9    Str:  5    XL:     20   Next: 68%
Magic:  2/46       EV: 21    Int: 34    God:    Kikubaaqudgha [*****.]
Gold:   2565       SH: 13    Dex: 15    Spells: 15/60 levels left

rFire   . . .        K - staff of death
rCold   + + +        T - +3 buckler {AC+3}
rNeg    + . .        r - +4 skin of Zhor {*Englaciate rC+++ SInv}
rPois   .            s - +1 helmet of Fireclat {rC+ Stlth+}
rElec   +            l - +0 cloak of Udiromit {rElec rF- Regen+ Int+4}
rCorr   .            f - +0 pair of gloves
SInv    +            a - +2 pair of boots {Stlth+}
Will    ++...        E - amulet of reflection
Stlth   +++++        j - +5 ring of evasion
HPRegen 1.21/turn    M - ring of protection from fire
MPRegen 0.30/turn

%: reflection
@: about to teleport, corroded, studying Stealth
A: no striking features
}: 2/15 runes: decaying, gossamer
a: Renounce Religion, Unearth Wretches, Torment


You were on level 3 of the Elven Halls.
You worshipped Kikubaaqudgha.
Kikubaaqudgha was extremely pleased with you.
You visited 6 branches of the dungeon, and saw 33 of its levels.
You also visited: Gauntlet, Ice Cave, Volcano and Desolation.

You collected 3776 gold pieces.
You spent 1211 gold pieces at shops.

Inventory:

Armour
 a - a +2 pair of boots of stealth (worn)
 f - a +0 pair of gloves (worn)
 l - the +0 cloak of Udiromit (worn) {rElec rF- Regen+ Int+4}
   (You found it on level 5 of the Lair of Beasts)

   Int:       It affects your intelligence (+4).
   rF:        It makes you vulnerable to fire.
   rElec:     It insulates you from electricity.
   Regen:     It increases your rate of health regeneration.
 o - a scarf of resistance
 r - the +4 skin of Zhor (worn) {*Englaciate rC+++ SInv}
   (You found it in an ice cave)

   *Englaciate: It radiates cold, occasionally slowing all nearby creatures who
   are not resistant to cold.
   rC:        It renders you almost immune to cold.
   SInv:      It lets you see invisible.
 s - the +1 helmet of Fireclat (worn) {rC+ Stlth+}
   (You found it in a volcano)

   rC:        It protects you from cold.
   Stlth:     It makes you more stealthy.
 T - a +3 buckler of protection (worn)
Magical Staves
 K - a staff of death (weapon)
Jewellery
 c - a ring of positive energy
 j - a +5 ring of evasion (left hand)
 z - an amulet of magic regeneration
 E - an amulet of reflection (around neck)
 M - a ring of protection from fire (right hand)
 W - a ring of poison resistance
 Z - a ring of resist corrosion
Wands
 d - a wand of paralysis (18)
 k - a wand of flame (18)
 m - a wand of roots (38)
 n - a wand of mindburst (23)
 R - a wand of quicksilver (22)
 X - a wand of polymorph (23)
 Y - a wand of digging (8)
Scrolls
 b - a scroll of fear
 t - a scroll of silence
 v - 12 scrolls of teleportation
 x - 4 scrolls of immolation
 y - 7 scrolls of poison
 D - 5 scrolls of fog
 N - 4 scrolls of torment
Potions
 e - 2 potions of magic
 g - 5 potions of cancellation
 p - 2 potions of heal wounds
 q - 14 potions of curing
 w - 6 potions of resistance
 C - 10 potions of brilliance
 F - 6 potions of flight
 H - 4 potions of invisibility
 I - 5 potions of mutation
 J - 8 potions of haste
 O - 4 potions of lignification
 Q - 7 potions of might
 S - 3 potions of attraction
Miscellaneous
 i - a phial of floods
 G - a piece from Xom's chessboard (15/15)
 L - a lightning rod (4/4)
 U - a tin of tremorstones (2/2)
 V - a phantom mirror


   Skills:
 + Level 15.4 Fighting
 - Level 12.0 Staves
 + Level 4.6 Armour
 - Level 10.0 Dodging
 - Level 5.0 Stealth
 + Level 4.5 Shields
 + Level 20.8 Spellcasting
 - Level 10.0 Conjurations
 - Level 10.0 Hexes
 + Level 19.6 Necromancy
 - Level 10.0 Earth Magic
 + Level 9.4 Evocations


You had 15 spell levels left.
You knew the following spells:

 Your Spells              Type           Power      Damage    Failure   Level
a - Lee's Rapid Deconstr  Erth           40%        3d20*     1%          5
c - Animate Dead          Necr           100%       N/A       0%          4
d - Agony                 Necr           100%       N/A       0%          5
e - Blink                 Tloc           70%        N/A       2%          2
f - Borgnjor's Vile Clut  Necr/Erth      58%        N/A       1%          5
g - Anguish               Hex/Necr       58%        N/A       1%          4
h - Dispel Undead         Necr           100%       3d31      0%          4
i - Fulminant Prism       Conj/Hex       40%        3d19      1%          4
j - Death Channel         Necr           65%        N/A       1%          6
m - Iron Shot             Conj/Erth      40%        9d8       3%          6

Your spell library contained the following spells:

 Spells                   Type           Power      Damage    Failure   Level
 Necrotise                Necr           100%       1d9       0%          1
 Sublimation of Blood     Necr           100%       N/A       0%          2
 Vampiric Draining        Necr           100%       2d13      0%          3
 Apportation              Tloc           70%        N/A       1%          1
 Freeze                   Ice            100%       1d10      1%          1
 Magic Dart               Conj           100%       1d8       1%          1
 Slow                     Hex            100%       N/A       1%          1
 Sting                    Tmut/Pois      100%       1d8       1%          1
 Summon Small Mammal      Summ           100%       N/A       1%          1
 Cigotuvi's Dreadful Rot  Necr/Pois/Air  100%       N/A       1%          2
 Ensorcelled Hibernation  Hex/Ice        100%       N/A       1%          2
 Momentum Strike          Conj/Tloc      100%       3d10      1%          2
 Passwall                 Tmut/Erth      51%        N/A       1%          2
 Searing Ray              Conj           100%       2d8       1%          2
 Confusing Touch          Hex            80%        N/A       1%          3
 Hailstorm                Conj/Ice       62%        3d13      1%          3
 Mephitic Cloud           Conj/Pois/Air  55%        N/A       1%          3
 Stone Arrow              Conj/Erth      100%       3d13      1%          3
 Animate Armour           Summ/Erth      100%       N/A       1%          4
 Flame Wave               Conj/Fire      62%        2d14      1%          4
 Leda's Liquefaction      Hex/Erth       40%        N/A       1%          4
 Petrify                  Tmut/Erth      62%        N/A       1%          4
 Iskenderun's Battlesphe  Conj           80%        2d13      1%          5
 Lesser Beckoning         Tloc           70%        N/A       2%          2
 Poisonous Vapours        Pois/Air       70%        N/A       2%          2
 Wereblood                Tmut           35%        N/A       2%          2
 Borgnjor's Revivificati  Necr           65%        N/A       3%          8
 Infestation              Necr           65%        N/A       3%          8
 Frozen Ramparts          Ice            70%        1d11      4%          3
 Gell's Gravitas          Tloc           35%        N/A       4%          3
 Ignite Poison            Fire/Tmut/Pois 35%        N/A       4%          3
 Swiftness                Air            35%        N/A       4%          3
 Teleport Other           Tloc           35%        N/A       4%          3
 Vhi's Electric Charge    Tloc/Air       70%        N/A       4%          3
 Simulacrum               Ice/Necr       50%        N/A       4%          6
 Arcjolt                  Conj/Air       31%        1d41      5%          5
 Fireball                 Conj/Fire      31%        3d13      5%          5
 Irradiate                Conj/Tmut      31%        3d22      5%          5
 Metabolic Englaciation   Hex/Ice        31%        N/A       5%          5
 Freezing Cloud           Conj/Ice/Air   27%        6-21      11%         5
 Manifold Assault         Tloc           35%        N/A       14%         4
 Olgreb's Toxic Radiance  Pois           35%        N/A       14%         4
 Orb of Destruction       Conj           40%        9d11      21%         7
 Haunt                    Necr/Summ      50%        N/A       22%         7
 Conjure Ball Lightning   Conj/Air       31%        3x3d10    28%         6
 Statue Form              Tmut/Erth      41%        N/A       28%         6
 Alistair's Intoxication  Tmut/Pois      23%        N/A       38%         5
 Death's Door             Necr           65%        N/A       43%         9
 Spellforged Servitor     Conj/Summ      31%        N/A       85%         7
 Discord                  Hex            40%        N/A       85%         8
 Lehudib's Crystal Spear  Conj/Erth      40%        10d10     85%         8
 Dispersal                Tloc           17%        N/A       92%         6
 Malign Gateway           Summ/Tloc      17%        N/A       100%        7
 Summon Hydra             Summ           17%        N/A       100%        7
 Ignition                 Fire           17%        3d7       100%        8
 Maxwell's Capacitive Co  Air            17%        ∞         100%        8
 Fire Storm               Conj/Fire      31%        8d8       100%        9


Dungeon Overview and Level Annotations

Branches:
Dungeon (15/15)            Temple (0/1) D:4            Lair (5/5) D:9
  Swamp (4/4) Lair:3       Spider (4/4) Lair:3        Slime (0/5) Lair:5
    Orc (2/2) D:9             Elf (3/3) Orc:2        Vaults (0/5) D:14
 Depths (0/4) D:15          IceCv (visited)         Volcano (visited)
Desolation (visited)      Gauntlet (visited)

Altars:
Cheibriados
Dithmenos
Elyvilon
Gozag
Kikubaaqudgha
Makhleb
Okawaru
Qazlal
Ru
Sif Muna
Trog
Uskayaw
Vehumet
Xom
Zin
The Shining One
Lugonu

Shops:
D:11 !   Orc:2 (:[*(   Elf:3 [?:

Portals:
Abyss: Lair:5

Annotations:
D:10 stash
Lair:2 !stash


Message History

Confirm with . or Enter, or press ? or * to list all spells.
Okay, then.
The deep elf sorcerer becomes larger for a moment.
The deep elf sorcerer points at you and mumbles some strange words.
The bolt of acid hits you!!!
The deep elf sorcerer gestures at you while chanting.
The bolt of acid hits you!!! The acid corrodes you!
Blink to where?
Press: ? - help, Dir - move target, p - deep elf sorcerer
As you read the scroll of blinking, it crumbles to dust.
You feel better.
You feel better.
The deep elf sorcerer gestures at you while chanting.
The bolt of acid misses you.
Items here: )) [ ÷.
Casting: Borgnjor's Vile Clutch (safe; 1% risk of failure)
Confirm with . or Enter, or press ? or * to list all spells.
Aiming: Borgnjor's Vile Clutch (safe; 1% risk of failure)
Press: ? - help, Shift-Dir - straight line, f - +1 dire flail of holy wrath
Aim: a +1 dire flail of holy wrath (100% to hit)
You feel a surge of power!
Zombie hands grab the +1 dire flail of holy wrath.
The zombie hands constrict the +1 dire flail of holy wrath!
The +1 dire flail of holy wrath hits you!
As you read the scroll of teleportation, it crumbles to dust.
You feel strangely unstable.
The zombie hands constrict the +1 dire flail of holy wrath!
You block the +1 dire flail of holy wrath's attack.
The +1 dire flail of holy wrath completely misses you.
The zombie hands constrict the +1 dire flail of holy wrath!
The +1 dire flail of holy wrath falls from the air.
Kikubaaqudgha accepts your kill.
The deep elf sorcerer casts a spell at you.
The bolt of acid hits you!!
* * * LOW HITPOINT WARNING * * *
The acid corrodes you!
The deep elf sorcerer casts a spell at you.
The bolt of acid hits you!!!
You die...
Kikubaaqudgha rasps: "You have failed me!
Welcome... death!"

##...###### ######### #....ZZ...#
#.......## .....Z###.#
##...ZZ...# ......# #)#
#...#####.## .#....# #.#
##....####..#
.####.###.####......∩##..#
...................####..#
.####.########.)..#####..########
.# #.# #......@.)e.............
.# #.# #.####.##.......########
## #.# #.# #.###E..........# #.#
##.## #.# #.○....####.#
#Z###...###.# #..°...## #.#
#.##.###.##.# ##...○..# #.#
#.#.## ##.#.# #####○.###.###
#...#####.#.# #.°......?
###.......#.# ##☼###.###


You could see a deep elf sorcerer (fast, empowered) and a fire elemental
(summoned).

Vanquished Creatures
  Mlioglotl (Swamp:2)
  Rupert (Lair:4)
  A deep elf blademaster (Elf:2)
  2 thorn hunters (Swamp:4)
  A fenstrider witch (Swamp:4)
  An emperor scorpion (Spider:4)
  3 ghost moths
  An orc warlord (Orc:2)
  Aizul (Spider:2)
  A deep elf sorcerer (Elf:3)
  2 deep elf elementalists (Elf:3)
  A broodmother (Spider:4)
  A very ugly thing (D:15)
  2 deep elf demonologists (Elf:1)
  4 eleionomae
  A halazid warlock (Elf:1)
  2 deep elf annihilators
  4 bunyips
  Azrael (Spider:2)
  A fire dragon (Volcano)
  A deep elf death mage (Elf:3)
  3 entropy weavers
  A rakshasa (D:15)
  2 shambling mangroves
  2 deep elf high priests
  A great orb of eyes (D:15)
  13 hydras
  3 peacekeepers (Desolation)
  Erica (Lair:1)
  2 ogre magi (D:15)
  A radroach (Spider:1)
  A catoblepas (Lair:4)
  A ghost crab (Swamp:4)
  5 boulder beetles
  14 alligators
  21 dancing weapons
  2 centaur warriors
  8 two-headed ogres
  2 tengu warriors (D:13)
  A death yak (Lair:4)
  Urug (Lair:1)
  2 thrashing horrors (Lair:5)
  5 orc high priests
  Sonja (Lair:5)
  23 deep elf knights
  4 sun demons (Volcano)
  Nergalle (Lair:1)
  A wretched star (D:15)
  Amaemon (Lair:1)
  2 spriggan riders
  2 pharaoh ants
  A skyshark (Lair:4)
  4 skeletal warriors
  3 cherubim (D:15)
  4 spriggan druids
  7 steelbarb worms
  A wizard (D:14)
  An orange crystal statue (Gauntlet)
  5 deep elf archers
  2 orb spiders
  6 bog bodies
  11 swamp dragons
  23 deep elf pyromancers
  4 orc knights
  2 ironbound convokers
  2 necromancers
  A lindwurm (Lair:5)
  28 deep elf zephyrmancers
  10 wolf spiders
  3 manticores
  6 ugly things
  2 oklob plants (Lair:5)
  3 orc sorcerers
  6 cyclopes
  Joseph (D:7)
  4 black mambas
  2 moths of wrath
  5 will-o-the-wisps
  6 elephants
  A guardian serpent (shapeshifter) (D:15)
  An orange demon (Lair:1)
  4 smoke demons
  7 demonic crawlers
  3 gargoyles
  7 cane toads
  An ice statue (IceCv)
  3 torpor snails
  A rime drake (Lair:5)
  10 komodo dragons
  A kobold demonologist (D:12)
  An anaconda simulacrum (IceCv)
  A yaktaur (shapeshifter) (D:14)
  10 ice devils (IceCv)
  3 freezing wraiths (IceCv)
  A tengu conjurer (D:15)
  2 ancient zymes (Lair:5)
  3 tyrant leeches
  6 hornets
  2 bloated husks
  5 meliai
  8 trolls
  2 polar bears (Lair:5)
  5 saltlings (Desolation)
  18 tarantellas
  A tarantella zombie (Spider:1)
  10 blink frogs (Lair:5)
  12 slime creatures
  7 jumping spiders
  8 culicivoras
  An air elemental (Elf:2)
  A jumping spider (shapeshifter) (Lair:5)
  A centaur simulacrum (D:14)
  A water elemental (Elf:1)
  6 spriggans
  2 dire elephant simulacra (IceCv)
  5 wyverns
  A wraith (D:13)
  A ynoxinul (Lair:5)
  A shadow (D:13)
  6 steam dragons
  44 yaks
  8 vampire mosquitoes
  3 basilisks
  A chaos spawn (Lair:5)
  5 fire elementals
  4 death yak simulacra (IceCv)
  10 redbacks
  7 small abominations (Lair:5)
  A warg (Orc:2)
  4 harpy simulacra (IceCv)
  4 large abominations (Lair:5)
  A warg (shapeshifter) (D:15)
  10 water moccasins
  13 swamp worms
  An acid dragon (D:14)
  9 hell hounds
  3 hydra simulacra (IceCv)
  23 orc warriors
  8 swamp drakes
  2 black bears
  2 sky beasts (D:7)
  11 wolves
  An ice beast (D:6)
  13 ogres
  2 torpor snail zombies (Spider:1)
  5 centaurs
  A phantom (D:5)
  2 kobold brigands (D:9)
  15 bullfrogs
  3 gnoll sergeants
  2 earth elementals
  5 scorpions
  5 cane toad simulacra (IceCv)
  15 wights
  15 killer bees
  7 elephant simulacra (IceCv)
  5 howler monkeys
  7 electric eels
  16 orc priests
  2 jellies (D:5)
  8 hounds
  Crazy Yiuf (D:3)
  Ijyb (D:3)
  3 polar bear simulacra (IceCv)
  2 sleepcaps (D:6)
  5 iguanas
  33 orc wizards
  A spriggan simulacrum (IceCv)
  A wolf simulacrum (IceCv)
  9 gnolls
  3 adders
  2 naga simulacra (IceCv)
  6 white imps
  2 ufetubi (Gauntlet)
  2 worms (D:5)
  4 dart slugs
  59 orcs
  5 bats
  6 endoplasms
  A giant cockroach (D:4)
  8 goblins
  3 hobgoblins
  6 jackals
  11 kobolds
  4 quokkas
  6 ball pythons
  3 frilled lizards
  6 rats
  A butterfly (D:4)
980 creatures vanquished.

Vanquished Creatures (collateral kills)
  Donald (Swamp:4)
  A thorn hunter (Swamp:3)
  3 emperor scorpions
  A ghost moth (Spider:4)
  Louise (Spider:3)
  3 eleionomae
  A minotaur (Gauntlet)
  Snorg (Lair:3)
  An entropy weaver (Spider:4)
  A servant of whispers (Desolation)
  2 ragged hierophants (Desolation)
  A radroach (Spider:1)
  A ghost crab (Swamp:2)
  4 hydras
  3 centaur warriors
  A jorogumo (Spider:1)
  4 boulder beetles
  4 alligators
  A tengu warrior (D:15)
  4 dancing weapons (Elf:2)
  A wretched star (D:15)
  Lodul (D:12)
  A sixfirhy (Gauntlet)
  4 pharaoh ants
  A spriggan rider (Swamp:3)
  A goliath frog (Swamp:1)
  A sun moth (Spider:4)
  4 orb spiders
  2 deep elf archers (Elf:1)
  3 bog bodies
  4 deep elf pyromancers
  3 swamp dragons
  3 steelbarb worms
  5 deep elf zephyrmancers
  An ugly thing (D:13)
  4 elephants (Lair:5)
  12 wolf spiders
  2 will-o-the-wisps
  2 black mambas
  A demonic crawler (Spider:4)
  A moth of wrath (Spider:4)
  3 cane toads
  2 torpor snails
  A rime drake (Lair:5)
  4 komodo dragons
  A polar bear (Lair:5)
  A queen bee (D:9)
  A troll (D:11)
  A meliai (Spider:4)
  3 hornets
  2 tyrant leeches
  12 saltlings (Desolation)
  7 tarantellas
  5 blink frogs (Lair:5)
  22 jumping spiders
  7 slime creatures
  A jumping spider (shapeshifter) (Elf:3)
  A shadow (D:10)
  6 spriggans
  A wraith (D:9)
  7 culicivoras
  15 yaks
  A basilisk (Lair:2)
  A slime creature zombie (D:13)
  A wyvern (Lair:3)
  2 fire elementals
  A vampire mosquito (D:11)
  30 redbacks
  2 water moccasins
  2 swamp worms (Swamp:1)
  A black bear (Lair:1)
  An orc warrior (Orc:1)
  7 wolves
  2 ogres (D:12)
  A phantom (D:4)
  2 small abominations (Lair:5)
  3 killer bees (D:9)
  3 orc priests
  A hound (D:7)
  A jelly (D:7)
  4 orc wizards
  2 ufetubi (Gauntlet)
  A worm (D:4)
  6 orcs
  A hobgoblin (D:1)
  A jackal (D:4)
  2 kobolds
278 creatures vanquished.

Vanquished Creatures (others)
  4 fenstrider witches
  2 emperor scorpions (Spider:4)
  5 imperial myrmidons (Desolation)
  A broodmother (Spider:4)
  A stone giant (D:14)
  An eleionoma (Swamp:3)
  5 bunyips
  2 entropy weavers (Spider:4)
  A fenstrider witch zombie (Swamp:4)
  A servant of whispers (Elf:1)
  4 hydras
  A jorogumo (Spider:4)
  A catoblepas (Lair:1)
  3 spriggan air magi
  A radroach (Spider:2)
  3 centaur warriors
  An alligator (Swamp:4)
  A boulder beetle (D:14)
  A death yak (Lair:3)
  A spriggan berserker (Swamp:4)
  A tengu warrior (Gauntlet)
  2 orc high priests
  4 emperor scorpion zombies (Spider:4)
  A deep elf knight (Elf:3)
  3 goliath frogs
  4 bunyip zombies
  2 spriggan riders
  3 death drakes
  4 deep elf archers
  A lindwurm (Volcano)
  A swamp dragon (Swamp:3)
  9 deep elf pyromancers
  A goliath frog zombie (Swamp:4)
  A broodmother zombie (Spider:4)
  7 deep elf zephyrmancers
  2 wolf spiders
  5 wolf spider zombies
  2 orc sorcerers (Orc:2)
  5 cyclopes
  5 salamanders
  A manticore (D:8)
  3 elephants
  3 black mambas (Lair:3)
  A moth of wrath (Spider:2)
  5 cane toads
  A torpor snail (Lair:1)
  An orb spider zombie (Spider:1)
  2 unseen horrors (D:13)
  A steelbarb worm zombie (Spider:4)
  A komodo dragon (shapeshifter) (Elf:2)
  An unseen horror zombie (D:13)
  5 redback zombies
  4 rime drakes
  A death drake zombie (Swamp:4)
  A troll (D:7)
  2 moth of wrath zombies
  3 demonic crawler zombies (Spider:4)
  A bloated husk (Swamp:3)
  2 hydra zombies
  3 tarantellas
  A meliai (Spider:4)
  A merfolk (Gauntlet)
  A hornet (D:14)
  5 tarantella zombies
  9 jumping spider zombies
  A blink frog (Lair:3)
  4 jumping spiders
  2 alligator zombies
  A jumping spider (shapeshifter) (D:13)
  3 meliai zombies (Spider:4)
  3 culicivora zombies (Spider:1)
  A yak (Lair:3)
  2 wyverns
  4 slime creature zombies
  4 spriggan zombies
  3 basilisks
  3 redbacks
  A merfolk zombie (Gauntlet)
  5 two-headed ogre zombies
  A swamp worm (Swamp:3)
  A warg (Orc:2)
  A tengu zombie (D:13)
  A water moccasin (Lair:3)
  6 cane toad zombies
  3 entropy weaver zombies
  2 swamp drakes
  5 orc warriors
  3 ice beasts (IceCv)
  A sky beast (D:8)
  3 elephant zombies (Lair:5)
  2 hornet zombies
  3 human zombies
  A swamp dragon zombie (Swamp:2)
  21 elf zombies
  A black bear (Lair:2)
  A centaur (D:4)
  2 ogres (Orc:2)
  4 vampire mosquito zombies (D:11)
  A rime drake zombie (Gauntlet)
  A komodo dragon zombie (Elf:2)
  2 salamander zombies
  2 wyvern zombies
  3 cyclops zombies
  2 bullfrogs
  2 hell hound zombies (Spider:2)
  A water moccasin zombie (Lair:5)
  A warg zombie (Orc:2)
  A polar bear zombie (Lair:5)
  A killer bee (D:4)
  9 yak zombies (Lair:5)
  2 troll zombies
  A wolf zombie (Lair:5)
  2 bullfrog zombies
  2 centaur zombies
  A black bear zombie (Lair:2)
  A gnoll bouda (D:13)
  An orc wizard (Orc:2)
  5 killer bee zombies
  6 ogre zombies
  14 orc zombies
  A swamp drake zombie (Swamp:2)
  A gnoll zombie (D:13)
  A jelly zombie (D:7)
  A dart slug (D:10)
  3 orcs (Orc:2)
  An endoplasm (D:11)
  A hobgoblin (D:7)
  A kobold (D:11)
  A dart slug zombie (D:10)
  An endoplasm zombie (D:11)
  A frilled lizard (D:13)
  A frilled lizard zombie (D:13)
  A hobgoblin zombie (D:7)
  2 kobold zombies
  20 foxfires
  2 fulminant prisms
  A spectral weapon (D:9)
362 creatures vanquished.

Grand Total: 1620 creatures vanquished

Notes
Turn   | Place    | Note
-------+----------+-------------------------------------------
     0 | D:1      | otna the Deep Elf Necromancer began the quest for the Orb.
     0 | D:1      | Reached XP level 1. HP: 10/10 MP: 6/6
    78 | D:1      | Reached skill level 5 in Necromancy
   208 | D:1      | Reached XP level 2. HP: 16/16 MP: 2/8
  1060 | D:2      | Reached skill level 1 in Fighting
  1078 | D:2      | Reached XP level 3. HP: 20/20 MP: 7/10
  1255 | D:2      | Found an ancient bone altar of Kikubaaqudgha.
  1300 | D:2      | Became a worshipper of Kikubaaqudgha
  1576 | D:3      | Found a runed translucent door.
  1577 | D:3      | Noticed Crazy Yiuf
  1649 | D:3      | Learned a level 3 spell: Vampiric Draining
  1672 | D:3      | Noticed Ijyb
  1675 | D:3      | Paralysed by Ijyb for 5 turns
  1680 | D:3      | Killed Ijyb
  1681 | D:3      | Reached skill level 4 in Spellcasting
  1896 | D:3      | Reached XP level 4. HP: 25/25 MP: 9/12
  1921 | D:3      | Found a snail-covered altar of Cheibriados.
  2307 | D:3      | Found a glowing golden altar of the Shining One.
  2538 | D:3      | Killed Crazy Yiuf
  2825 | D:4      | Learned a level 4 spell: Animate Dead
  3244 | D:4      | Noticed a scorpion
  3246 | D:4      | Reached XP level 5. HP: 30/30 MP: 12/14
  3251 | D:4      | Reached skill level 5 in Spellcasting
  3656 | D:4      | Reached XP level 6. HP: 30/36 MP: 13/16
  3752 | D:4      | Reached * piety under Kikubaaqudgha
  3752 | D:4      | Received a gift from Kikubaaqudgha
  4012 | D:4      | Reached skill level 6 in Spellcasting
  4072 | D:4      | Identified the +7 rapier of Hard Scrabble {heavy, Int+6
                  | Dex-5}
  4282 | D:4      | Found a shimmering blue altar of Sif Muna.
  4376 | D:4      | Reached XP level 7. HP: 41/41 MP: 13/18
  4433 | D:4      | Found a staircase to the Ecumenical Temple.
  4660 | D:4      | Found a white marble altar of Elyvilon.
  4664 | D:4      | Found a stormy altar of Qazlal.
  4668 | D:4      | Found a hide-covered altar of Uskayaw.
  4783 | D:5      | Entered Level 5 of the Dungeon
  4989 | D:5      | Learned a level 5 spell: Agony
  5110 | D:5      | Reached skill level 7 in Spellcasting
  5124 | D:5      | Identified the +0 leather armour "Miolexic" {rF+ Dex+2
                  | Slay+2}
  5236 | D:5      | Reached XP level 8. HP: 38/48 MP: 21/21
  5888 | D:5      | Reached skill level 8 in Spellcasting
  6495 | D:6      | Identified the +7 flail of Meefunun {spect, Will++}
  6905 | D:6      | Reached skill level 1 in Conjurations
  6905 | D:6      | Reached skill level 1 in Hexes
  7057 | D:6      | Found a shadowy altar of Dithmenos.
  7133 | D:6      | Reached skill level 5 in Fighting
  8019 | D:6      | Reached ** piety under Kikubaaqudgha
  8020 | D:6      | Reached skill level 9 in Spellcasting
  8124 | D:6      | Reached XP level 9. HP: 54/54 MP: 7/24
  8225 | D:6      | Learned a level 2 spell: Searing Ray
  8382 | D:6      | Found a burning altar of Makhleb.
  8569 | D:7      | Noticed a two-headed ogre
  8580 | D:7      | Killed a two-headed ogre
  8755 | D:7      | Found a glowing silver altar of Zin.
  8974 | D:7      | Reached skill level 10 in Necromancy
  8979 | D:7      | Reached skill level 10 in Spellcasting
  9228 | D:7      | Noticed Joseph
  9573 | D:7      | Killed Joseph
  9785 | D:7      | Reached XP level 10. HP: 61/61 MP: 21/26
  9961 | D:7      | Found a sacrificial altar of Ru.
 10144 | D:7      | Found a radiant altar of Vehumet.
 10151 | D:7      | Found a bloodstained altar of Trog.
 10640 | D:8      | Reached skill level 5 in Hexes
 11213 | D:8      | Found a runed translucent door.
 11214 | D:8      | Noticed a centaur warrior
 11214 | D:8      | Noticed a seven-headed hydra
 11218 | D:8      | Noticed a centaur warrior
 11697 | D:9      | Reached skill level 5 in Conjurations
 11801 | D:9      | Found an opulent altar of Gozag.
 11908 | D:9      | Noticed an eight-headed hydra
 11921 | D:9      | Reached skill level 11 in Spellcasting
 12328 | D:9      | Found an iron altar of Okawaru.
 12383 | D:9      | Identified the +4 short sword of Scuffed Valour {heavy, Fly
                  | Will+ Int+3}
 12390 | D:9      | Reached *** piety under Kikubaaqudgha
 12390 | D:9      | Received a gift from Kikubaaqudgha
 12397 | D:9      | Learned a level 5 spell: Borgnjor's Vile Clutch
 12402 | D:9      | Learned a level 4 spell: Anguish
 12407 | D:9      | Learned a level 4 spell: Dispel Undead
 12666 | D:9      | Found a staircase to the Orcish Mines.
 12714 | D:9      | Noticed a manticore
 13002 | D:9      | Reached skill level 1 in Earth Magic
 13468 | D:9      | Reached XP level 11. HP: 59/68 MP: 22/28
 13708 | D:9      | Killed an eight-headed hydra
 13777 | D:9      | Found a staircase to the Lair.
 14030 | D:9      | Learned a level 4 spell: Fulminant Prism
 14112 | D:8      | Killed a centaur warrior
 14113 | D:8      | Killed a seven-headed hydra
 14115 | D:8      | Killed a centaur warrior
 14116 | D:8      | Reached skill level 12 in Spellcasting
 14199 | D:9      | Reached skill level 5 in Dodging
 14347 | D:10     | Entered Level 10 of the Dungeon
 15614 | D:10     | Learned a level 3 spell: Stone Arrow
 15736 | D:11     | Reached skill level 5 in Stealth
 15892 | D:11     | Noticed a two-headed ogre
 15897 | D:11     | Killed a two-headed ogre
 15961 | D:11     | Found a frozen archway.
 15970 | IceCv    | Entered an ice cave
 16208 | IceCv    | Reached XP level 12. HP: 63/76 MP: 24/30
 16508 | IceCv    | Reached skill level 5 in Earth Magic
 16727 | IceCv    | Found the +4 skin of Zhor {*Englaciate rC+++ SInv}
 16929 | IceCv    | Reached skill level 1 in Evocations
 16950 | IceCv    | Reached skill level 1 in Staves
 17101 | IceCv    | Reached skill level 13 in Spellcasting
 17118 | IceCv    | Reached skill level 10 in Fighting
 17296 | IceCv    | Found an ancient bone altar of Kikubaaqudgha.
 17301 | IceCv    | Reached **** piety under Kikubaaqudgha
 17578 | IceCv    | Learned a level 2 spell: Blink
 17819 | IceCv    | Got the Cyclopedia of the Chill and Unspeakable Magic
 17920 | IceCv    | Got the Elucidation of Frosty Flame
 18638 | D:11     | Found Laipilol's Distillery.
 19540 | D:12     | Noticed an eight-headed hydra
 19551 | D:12     | Killed an eight-headed hydra
 19561 | D:12     | Found an iron altar of Okawaru.
 19913 | D:12     | Noticed Lodul
 19935 | D:12     | Killed Lodul
 19945 | D:12     | Reached skill level 14 in Spellcasting
 20565 | Lair:1   | Entered Level 1 of the Lair of Beasts
 20688 | Lair:1   | Reached XP level 13. HP: 83/83 MP: 24/33
 20842 | Lair:1   | Noticed Urug
 20856 | Lair:1   | Killed Urug
 21030 | Lair:1   | Noticed Nergalle
 21036 | Lair:1   | Killed Nergalle
 21294 | Lair:1   | Noticed Amaemon
 21309 | Lair:1   | Killed Amaemon
 21819 | Lair:1   | Noticed Erica
 21826 | Lair:1   | Killed Erica
 22557 | Lair:2   | Reached skill level 5 in Evocations
 23389 | Lair:2   | Reached skill level 15 in Spellcasting
 23701 | Lair:3   | Found a staircase to the Swamp.
 23804 | Lair:3   | Reached skill level 5 in Staves
 24282 | Lair:3   | Noticed Snorg
 24434 | Lair:3   | Killed Snorg
 24867 | Lair:3   | Found a hole to the Spider Nest.
 25539 | Lair:4   | Noticed Rupert
 25549 | Lair:4   | Killed Rupert
 25550 | Lair:4   | Reached XP level 14. HP: 90/90 MP: 27/35
 26650 | Lair:5   | Entered Level 5 of the Lair of Beasts
 26691 | Lair:5   | Noticed Sonja
 26786 | Lair:4   | Reached skill level 15 in Necromancy
 26914 | Lair:5   | Killed Sonja
 26952 | Lair:5   | Your ally Sonja died
 27648 | Lair:5   | Identified the +0 cloak of Udiromit {rElec rF- Regen+
                  | Int+4}
 28613 | Lair:5   | Reached skill level 16 in Spellcasting
 29618 | Lair:5   | Found a corrupted altar of Lugonu.
 29618 | Lair:5   | Found a one-way gate to the infinite horrors of the Abyss.
 29818 | Lair:5   | Found a staircase to the Slime Pits.
 29990 | Lair:5   | Identified the +11 spear of Fec Woh {antimagic, rPois rC-
                  | rN+}
 30402 | Orc:1    | Entered Level 1 of the Orcish Mines
 30451 | Orc:1    | Found a dark tunnel.
 30474 | Volcano  | Entered a volcano
 31100 | Volcano  | Identified the +1 helmet of Fireclat {rC+ Stlth+}
 31354 | Orc:1    | Reached XP level 15. HP: 87/96 MP: 1/37
 31820 | Orc:1    | Found a burning altar of Makhleb.
 31936 | Orc:2    | Entered Level 2 of the Orcish Mines
 31950 | Orc:2    | Found Renex's Antique Weapon Boutique.
 33014 | Orc:2    | Reached ***** piety under Kikubaaqudgha
 33278 | Orc:2    | Found a staircase to the Elven Halls.
 33579 | Orc:2    | Found Qoichur's General Store.
 33579 | Orc:2    | Found Ugexief's Book Boutique.
 33625 | Orc:2    | Found Naeniqas's Antique Armour Boutique.
 33625 | Orc:2    | Found Nov Idao's Antique Weapon Shop.
 34108 | Orc:2    | Bought a glowing robe for 81 gold pieces
 34123 | Orc:2    | Bought a scroll of enchant armour for 135 gold pieces
 34123 | Orc:2    | Bought a potion of heal wounds for 90 gold pieces
 34540 | D:13     | Identified a scroll of acquirement
 34541 | D:13     | Acquired the Papyrus of Translocational Spectres
 34757 | D:13     | Found a gate leading to a gauntlet.
 34773 | Gauntlet | Entered a Gauntlet
 34773 | Gauntlet | Found a transporter.
 34773 | Gauntlet | Found a transporter.
 34785 | Gauntlet | Found a transporter.
 34789 | Gauntlet | Found a transporter.
 34798 | Gauntlet | Found a runed translucent gate.
 34798 | Gauntlet | Found a runed translucent gate.
 34798 | Gauntlet | Found a runed translucent gate.
 34803 | Gauntlet | Found a transporter.
 34807 | Gauntlet | Found a transporter.
 34815 | Gauntlet | Found a transporter.
 34832 | Gauntlet | Found a transporter.
 34847 | Gauntlet | Found a transporter.
 34851 | Gauntlet | Found a transporter.
 34859 | Gauntlet | Found a transporter.
 34863 | Gauntlet | Found a transporter.
 35000 | Gauntlet | Identified the amulet of Toxit {Acrobat Harm rC+++ rN++
                  | Int-2}
 35123 | Gauntlet | Reached skill level 17 in Spellcasting
 35129 | Gauntlet | Identified the +2 shortbow of Foequnocw {elec, +Blink Str+2
                  | Dex-4 Stlth+}
 35462 | Gauntlet | Identified the +11 halberd "Hiheab" {heavy, *Slow rPois
                  | Str+4}
 35462 | Gauntlet | Identified the +0 chain mail of the Final Princes {Int+7}
 35462 | Gauntlet | Identified the +5 spear of the Harvest {antimagic, *Slow
                  | Will+ Dex+3 Stlth+}
 35463 | Gauntlet | Got the Cyclopedia of the Algid Cure
 37141 | D:13     | Found a shimmering altar of Xom.
 37507 | D:14     | Reached skill level 10 in Dodging
 38283 | D:14     | Found a gate to the Vaults.
 38496 | D:14     | Identified the ring "Qiub" {rF+++ rC- MP-9 Dex+2 Slay+4}
 38805 | D:15     | Entered Level 15 of the Dungeon
 39337 | D:15     | Found the +1 cloak of Starlight {*Dazzle EV+4 Stlth--}
 39337 | D:15     | Lost strength.
 39655 | D:15     | Learned a level 6 spell: Death Channel
 39658 | D:15     | Learned a level 2 spell: Poisonous Vapours
 39662 | D:15     | Learned a level 3 spell: Ignite Poison
 40272 | D:15     | Reached XP level 16. HP: 103/103 MP: 21/39
 40694 | D:15     | Found a staircase to the Depths.
 41879 | D:4      | Got Sif Muna's Anthology of Adjuration
 42413 | Orc:2    | Bought a warped leather armour for 154 gold pieces
 42413 | Orc:2    | Identified the +1 leather armour of Vosaff {Dex+4 SInv}
                  | (You bought it in a shop on level 2 of the Orcish Mines)
 42432 | Orc:2    | Bought a book of Power for 504 gold pieces
 42467 | Elf:1    | Entered Level 1 of the Elven Halls
 42675 | Elf:1    | Noticed an Ice Fiend
 43020 | Elf:1    | Found a crumbling gateway.
 43028 | Desolati | Entered the Desolation of Salt
 43450 | Elf:1    | Noticed a Tzitzimitl
 43813 | Elf:1    | Got the Compilation of Phantasms
 44512 | Elf:2    | Reached skill level 18 in Spellcasting
 45375 | Elf:2    | Reached XP level 17. HP: 92/110 MP: 31/41
 45681 | Elf:2    | Found a runed translucent gate.
 45681 | Elf:2    | Found a runed translucent gate.
 45686 | Elf:2    | Found a runed translucent gate.
 45806 | Elf:2    | Got the Book of Damage
 45837 | Elf:2    | Reached skill level 10 in Staves
 46100 | Elf:2    | Noticed a deep elf blademaster
 46108 | Elf:2    | Killed a deep elf blademaster
 46281 | Elf:2    | Reached skill level 10 in Hexes
 47765 | Lair:2   | Acquired a +0 lajatang of distortion
 47773 | Lair:2   | Learned a level 6 spell: Iron Shot
 47833 | Spider:1 | Entered Level 1 of the Spider Nest
 48080 | Spider:1 | Reached skill level 1 in Shields
 48764 | Spider:1 | Reached ****** piety under Kikubaaqudgha
 49642 | Spider:2 | Noticed Azrael
 49644 | Spider:2 | Noticed Aizul
 49649 | Spider:2 | Killed Azrael
 49665 | Spider:2 | Killed Aizul
 49914 | Spider:2 | Reached XP level 18. HP: 116/116 MP: 31/42
 49956 | Spider:2 | Reached skill level 19 in Spellcasting
 50194 | Spider:2 | Reached skill level 10 in Earth Magic
 50489 | Spider:3 | Reached skill level 10 in Conjurations
 50525 | Spider:3 | Noticed Louise
 50539 | Spider:3 | Killed Louise
 50610 | Spider:3 | Reached skill level 1 in Armour
 50972 | Spider:4 | Entered Level 4 of the Spider Nest
 51588 | Spider:4 | Got a gossamer rune of Zot
 53042 | Swamp:1  | Entered Level 1 of the Swamp
 54372 | Swamp:2  | Noticed Mlioglotl
 54377 | Swamp:2  | Killed Mlioglotl
 56192 | Swamp:3  | Reached XP level 19. HP: 123/123 MP: 35/44
 56776 | Swamp:4  | Entered Level 4 of the Swamp
 56777 | Swamp:4  | Noticed Donald
 56784 | Swamp:4  | HP: 5/123 [swamp worm (7)]
 57700 | Swamp:4  | Reached skill level 20 in Spellcasting
 58257 | Swamp:4  | Reached skill level 15 in Fighting
 59655 | Swamp:4  | Killed Donald
 60060 | Swamp:4  | Got a decaying rune of Zot
 60672 | Elf:3    | Entered Level 3 of the Elven Halls
 61127 | Elf:3    | Reached XP level 20. HP: 129/129 MP: 46/46
 61307 | Elf:3    | Found Ludeut's Magic Scroll Emporium.
 61311 | Elf:3    | Found Vivonyit's Antique Armour Boutique.
 61324 | Elf:3    | Bought a pair of embroidered boots for 247 gold pieces
 61392 | Elf:3    | Found Jorideinn's Tiny Tomes.
 61813 | Elf:3    | Learned a level 5 spell: Lee's Rapid Deconstruction
 61898 | Elf:3    | Killed from afar by a deep elf sorcerer

Illustrated notes

Levels and vault maps discovered:
D:1:      dpeg_arrival_concentric_ovals, layout_loops_ring
D:2:      layout_rooms, basic_altar, minmay_pentomino_w2
D:3:      layout_basic, kennysheep_slug_shrine, nicolae_tso_swordbearing_angel,
          chequers_serial_rivers_small_a, uniq_crazy_yiuf_cottage, uniq_ijyb
D:4:      cheibrodos_barr_body, layout_basic, led_sif_book,
          grunt_temple_overflow_diamond, minmay_temple_entry_butterflies
D:5:      layout_layer_cave, minmay_joined_circles
D:6:      layout_gridville, bloody_makhleb, mainiacjoe_overflow_alcove_1,
          st_stairs_11
D:7:      layout_basic, zin_statuary, nicolae_ru_great_annihilating_truth,
          mainiacjoe_overflow_big_doors, minmay_manual_moon, uniq_joseph
D:8:      layout_rooms, enter_ossuary_2, serial_park_tiny_pond, wad_hexagon
D:9:      minmay_skewed_foursquare, layout_basic, mainiacjoe_overflow_boulevard,
          grunt_gozag_breadcrumbs, grunt_lair_entry_orc_guard_hut,
          nicolae_looking_at_the_future
D:10:     layout_roguey, corexii_corridor_pit
D:11:     layout_basic, serial_shops, shop, portal_ice_cave_entry_pillars_1,
          st_stairs_1
D:12:     layout_basic, okawaru_ov_weapons_minmay, uniq_lodul
D:13:     layout_basic, gauntlet_entry_generic, xom_confusion_cloud
D:14:     layout_roguey, erik_vaults_1, kennysheep_donut
D:15:     gammafunk_enter_depths_forms, layout_loops_corners,
          corexii_hall_statues_l, hellmonk_guarded_unrand_starlight
Lair:1:   layout_loops_ring, lemuel_fruit_tree, serial_bayou_shore_a,
          serial_bayou_shore_b, grunt_megastairs_1, uniq_amaemon, uniq_erica,
          uniq_nergalle, uniq_urug
Lair:2:   hellmonk_ruined_rings, layout_loops_ring
Lair:3:   layout_cave_shapes, swamp_mist_pool,
          nicolae_spider_entry_orb_guardian, fungi_pond_lemuel, uniq_snorg
Lair:4:   layout_loops_ring, minivault_11, grunt_forest_large_clearings,
          uniq_rupert
Lair:5:   hellmonk_lair_end_abyssal_woods, layout_cave_pods,
          minmay_slime_entry_oklob_enclosed, grunt_megastairs_5, uniq_sonja
Swamp:1:  layout_basic_swamp, nicolae_swamp_dense_foliage
Swamp:2:  layout_basic_swamp, evilmike_swamp_ruin_house_5, swamp_pool1,
          infiniplex_staircase_pool, uniq_mlioglotl
Swamp:3:  layout_basic_swamp, evilmike_swamp_ruin_house_2
Swamp:4:  swamp_basic_johnstein, layout_basic_swamp, uniq_donald
Spider:1: layout_spider_delve, drop_trap
Spider:2: layout_spider_delve, uniq_aizul, uniq_azrael
Spider:3: layout_spider_delve, drop_trap, uniq_louise
Spider:4: hellmonk_spider_rune_bug_friends, drop_trap
Orc:1:    layout_caves, basic_altar, nicolae_volcano_entry_two_sided
Orc:2:    st_orc_congregation, layout_diamond_mine, serial_shops, shop,
          basic_altar
Elf:1:    nicolae_elf_arrival_no_cutting_in_line, layout_gridlike,
          portal_desolation_entry_garden, minmay_elf_demonology
Elf:2:    elven_hall_of_blades_hangedman_original
          [infiniplex_blade_entry_pillars], layout_geoelf_diagonals,
          minmay_elf_annihilation
Elf:3:    minmay_elf_hall_dome, layout_loops_ring, nicolae_wooded_promenade,
          nrook_loot_triangle, nicolae_shop_i_like_small_books_too

Skill      XL: |  1  2  3  4  5  6  7  8  9 10 11 12 13 14 15 16 17 18 19 |
---------------+----------------------------------------------------------+-----
Necromancy     | 5 6 7 8 9 10 11 12 13 14 15 16 17 18 19 | 19.6
Fighting       | 1 2 3 4 5 6 8 9 10 11 12 13 14 15 | 15.4
Spellcasting   | 4 5 6 7 9 10 11 12 14 15 16 17 18 19 20 | 20.8
Conjurations   | 2 3 5 6 8 9 10 | 10.0
Hexes          | 2 3 5 6 7 9 10 | 10.0
Dodging        | 3 5 6 8 10 | 10.0
Earth Magic    | 1 4 5 6 8 9 10 | 10.0
Stealth        | 5 |  5.0
Evocations     | 4 5 7 9 |  9.4
Staves         | 3 5 7 8 9 10 11 12 | 12.0
Shields        | 2 4 |  4.5
Armour         | 3 4 |  4.6

Action                     |  1- 3 |  4- 6 |  7- 9 | 10-12 | 13-15 | 16-18 | 19-21 || total
---------------------------+-------+-------+-------+-------+-------+-------+-------++-------
  Melee: Short sword       |       |     4 |       |       |    20 |    26 |    10 ||    60
         Punch             |       |     1 |       |     6 |     1 |       |       ||     8
         Quarterstaff      |       |     4 |    68 |       |       |       |       ||    72
         Flail             |       |       |    28 |   100 |       |       |       ||   128
         Staff             |       |       |       |    95 |   172 |   327 |    34 ||   628
   Cast: Necrotise         |    51 |    76 |    90 |    20 |       |       |       ||   237
         Vampiric Draining |     1 |    12 |    31 |     9 |     4 |     3 |       ||    60
         Animate Dead      |       |     1 |     4 |    12 |    15 |    27 |     5 ||    64
         Searing Ray       |       |       |    12 |    38 |       |       |       ||    50
         Borgnjor's Vile C |       |       |       |    81 |   282 |   230 |   109 ||   702
         Anguish           |       |       |       |     3 |    11 |     7 |     1 ||    22
         Stone Arrow       |       |       |       |    48 |   106 |   107 |       ||   261
         Blink             |       |       |       |     1 |     1 |     1 |     1 ||     4
         Fulminant Prism   |       |       |       |       |     2 |       |       ||     2
         Death Channel     |       |       |       |       |       |     7 |       ||     7
         Iron Shot         |       |       |       |       |       |    43 |    30 ||    73
         Poisonous Vapours |       |       |       |       |       |     2 |       ||     2
         Ignite Poison     |       |       |       |       |       |     1 |       ||     1
         Dispel Undead     |       |       |       |       |       |     2 |     1 ||     3
         Lee's Rapid Decon |       |       |       |       |       |       |     1 ||     1
 Invoke: Unearth Wretches  |       |     2 |     1 |    10 |    18 |    11 |     5 ||    47
  Evoke: Wand              |       |       |     7 |    10 |     8 |    37 |     1 ||    63
         Phantom mirror    |       |       |       |       |       |     2 |       ||     2
         Phial of floods   |       |       |       |       |       |     1 |       ||     1
         Piece from Xom's  |       |       |       |       |       |     1 |       ||     1
         Tin of tremorston |       |       |       |       |       |     2 |       ||     2
    Use: Scroll            |     6 |     2 |     6 |    12 |    18 |     9 |     5 ||    58
         Potion            |       |       |       |     3 |     4 |     9 |     4 ||    20
   Stab: Paralysed         |       |       |     8 |     1 |     1 |     2 |       ||    12
         Distracted        |       |       |     1 |     3 |       |     3 |     2 ||     9
         Sleeping          |       |       |       |     1 |       |     2 |       ||     3
 Armour: Robe              |     1 |     1 |     6 |       |       |       |       ||     8
         Leather armour    |       |       |    14 |       |       |       |       ||    14
         Steam dragon scal |       |       |     7 |    48 |       |       |       ||    55
         Animal skin       |       |       |       |    22 |    41 |   102 |    37 ||   202
         Troll leather arm |       |       |       |       |     5 |       |       ||     5
  Dodge: Dodged            |     5 |    21 |   156 |   426 |   289 |   414 |   109 ||  1420
  Block: Buckler           |       |       |       |       |    19 |   309 |    68 ||   396
         Orb               |       |       |       |       |     5 |     2 |       ||     7
         Reflection        |       |       |       |       |     2 |    15 |     7 ||    24
